 Dungeon Crawl Stone Soup version 0.18-a0-952-g309898a (webtiles) character file.

65 Duffy the Slasher (level 3, 0/33 HPs)
             Began as a Minotaur Berserker on Dec 30, 2015.
             Was a Believer of Trog.
             Slain by Robin
             ... wielding a +0 mace
              (5 damage)
             ... on level 2 of the Dungeon.
             The game lasted 00:01:31 (972 turns).

Duffy the Slasher (Minotaur Berserker)               Turns: 972, Time: 00:01:31

Health: 0/33       AC:  6    Str: 21    XL:     3   Next: 94%
Magic:  2/2        EV: 11    Int:  4    God:    Trog [**....]
Gold:   41         SH:  5    Dex: 10    Spells: 0 memorised, 2 levels left

rFire  . . .     SeeInvis .     a - +0 falchion
rCold  . . .     Gourm    .     t - +0 ring mail
rNeg   . . .     Faith    .     (no shield)
rPois  .         Spirit   .     (helmet restricted)
rElec  .         Dismiss  .     (no cloak)
rCorr  .         Reflect  +     o - +0 pair of gloves
SustAt .         Harm     .     (no boots)
MR     .....                    n - +5 amulet of reflection
Stlth  ..........               (no ring)
                                (no ring)

@: not resistant to hostile enchantments, extremely unstealthy
A: retaliatory headbutt, horns 2
a: Berserk, Trog's Hand, Burn Spellbooks, Renounce Religion


You were on level 2 of the Dungeon.
You worshipped Trog.
Trog was pleased with you.
You were not hungry.

You visited 1 branch of the dungeon, and saw 2 of its levels.

You collected 41 gold pieces.


Innate Abilities, Weirdness & Mutations

You reflexively headbutt those who attack you in melee.
You have a pair of horns on your head.


   Skills:
 - Level 3.8 Fighting
 + Level 4.6 Long Blades
 + Level 2.2 Throwing
 - Level 2.4 Armour
 - Level 2.5 Dodging


You had 2 spell levels left.
You didn't know any spells.

Inventory:

Hand Weapons
 a - a +0 falchion (weapon)
Missiles
 d - 75 stones (quivered)
 m - 2 tomahawks
 s - 18 poisoned needles
Armour
 o - a +0 pair of gloves (worn)
 t - a +0 ring mail (worn)
Jewellery
 n - a +5 amulet of reflection (around neck)
Scrolls
 f - a scroll of immolation {unknown}
 g - a scroll of remove curse {unknown}
 i - 3 scrolls of identify {unknown}
 k - a scroll of blinking {unknown}
Potions
 e - a potion of mutation {unknown}
 j - a potion of curing {unknown}
 p - a potion of cure mutation {unknown}
 r - a potion of resistance {unknown}
Comestibles
 b - a meat ration
 c - 3 bread rations
 h - a royal jelly
 l - a beef jerky
 q - a slice of pizza

Dungeon Overview and Level Annotations

Branches:
Dungeon (2/15)

Altars:

Annotations:
D:2 Robin


Message History

You kill the goblin!
Trog accepts your kill.
You closely miss the goblin. The bat misses you.
The hobgoblin hits you but does no damage.
The hobgoblin barely misses you. The goblin hits you but does no damage.
You block the goblin's attack. The hobgoblin barely misses you.
You closely miss the goblin. You block the hobgoblin's attack.
The goblin hits you but does no damage. The goblin hits you with a dagger.
The goblin misses you. The hobgoblin hits you.
You hit the goblin.
You kill the goblin!
Trog accepts your kill. The bat hits you but does no damage.
You block the hobgoblin's attack. The goblin hits you with a club.
You block the bat's attack. The goblin hits you but does no damage.
The hobgoblin hits you.
You completely miss the bat. The bat hits you.
The hobgoblin hits you but does no damage.
The goblin hits you with a club. The goblin barely misses you.
The hobgoblin misses you. The bat completely misses you.
Robin throws the goblin at you! The goblin hits you but does no damage.
Things that are here:
a club; a goblin corpse; a goblin corpse You closely miss the goblin.
Your headbutt misses the goblin. You block the hobgoblin's attack.
The goblin barely misses you. The goblin barely misses you.
You furiously retaliate!
You headbutt the goblin!
You kill the goblin!
Trog accepts your kill. The goblin misses you.
You hit Robin.
Robin is lightly wounded.
The hobgoblin hits you but does no damage.
The goblin hits you but does no damage. The goblin hits you with a club.
Robin hits you with a mace.
You die...

#.##.# #.##%#
#.##.#### #.#.....#
#.#.....# #.#.....#
#.#(....# ###
#.#.#########...#
#.#. #..ggg@g...#
#.#. #....ggg...#
#.#. #...ggb....#
#.#. #..........#
#.# #........?.#
#.# ............>.
#.####.......######
######.# #########
#....#.#######


You could see Robin, 3 hobgoblins, 5 goblins and a bat.

Action                   || total
-------------------------++-------
Melee: Falchion          ||    55
Throw: Stone             ||    58

Notes
Turn   | Place    | Note
--------------------------------------------------------------
     0 | D:1      | Duffy the Minotaur Berserker began the quest for the Orb.
     0 | D:1      | Reached XP level 1. HP: 19/19 MP: 0/0
   168 | D:1      | Reached XP level 2. HP: 24/27 MP: 1/1
   271 | D:1      | Reached skill level 4 in Long Blades
   271 | D:1      | Reached skill level 1 in Throwing
   482 | D:1      | Reached ** piety under Trog
   482 | D:1      | Reached XP level 3. HP: 33/33 MP: 2/2
   896 | D:2      | Noticed Natasha
   903 | D:2      | Killed Natasha
   903 | D:2      | Reached skill level 2 in Throwing
   960 | D:2      | Noticed Robin
   972 | D:2      | Slain by Robin

Vault maps used:
D:1:      lightli_arrival_lavapool
D:2:      lemuel_coloured_pillars_altar, okawaru_trees_2, cheibriados_altar_1,
          old_standard_altar, first_bread, uniq_robin, uniq_natasha, uniq_iyjb

Vanquished Creatures
  Natasha
  An ooze
  A ball python
  5 bats
  A giant cockroach
  8 goblins
  5 hobgoblins
  6 jackals
  A quokka
  A giant newt
  2 kobolds
  2 rats
34 creatures vanquished.
